 Dungeon Crawl Stone Soup version 0.28.0-45-g0d030f2227 (webtiles) character file.

Game seed: 591164388790841738

17 seaoflcl the Slasher (level 2, -3/24 HPs)
             Began as a Human Berserker on Apr 10, 2022.
             Was a Follower of Trog.
             Slain by a gnoll
             ... wielding a +1 whip of freezing
              (8 damage)
             ... on level 1 of the Dungeon.
             The game lasted 00:00:37 (676 turns).

seaoflcl the Slasher (Human Berserker)               Turns: 676, Time: 00:00:38

Health: -3/24      AC:  2    Str: 17    XL:     2   Next: 80%
Magic:  2/2        EV: 12    Int:  7    God:    Trog [*.....]
Gold:   27         SH:  0    Dex: 12    Spells: 1/1 levels left

rFire   . . .      SeeInvis .   a - +0 falchion
rCold   . . .      Faith    .   (no shield)
rNeg    . . .      Spirit   .   b - +0 animal skin
rPois   .          Reflect  .   (no helmet)
rElec   .          Harm     .   (no cloak)
rCorr   .          Rampage  .   (no gloves)
Will    .....                   (no boots)
Stlth   +.........              (no amulet)
HPRegen 0.08/turn               (no ring)
MPRegen 0.08/turn               (no ring)

@: no status effects
A: no striking features
a: Renounce Religion, Berserk


You were on level 1 of the Dungeon.
You worshipped Trog.
Trog was aware of your devotion.
You visited 1 branch of the dungeon, and saw 1 of its levels.

You collected 27 gold pieces.

Inventory:

Hand Weapons
 a - a +0 falchion (weapon)
Armour
 b - a +0 animal skin (worn)
Scrolls
 c - a scroll of identify {unknown}
 d - 2 scrolls of enchant weapon {unknown}
 e - a scroll of torment {unknown}


   Skills:
 + Level 3.2 Fighting
 + Level 3.4 Long Blades
 + Level 2.0 Armour
 + Level 2.2 Dodging


You had one spell level left.
You didn't know any spells.
Your spell library was empty.

Dungeon Overview and Level Annotations

Branches:
Dungeon (1/15)

Altars:


Message History

You closely miss the goblin.
The goblin is severely wounded.
The rat closely misses you.
The gnoll hits you with a +1 whip of freezing!
The gnoll freezes you. The giant cockroach closely misses you.
The goblin hits you with a +0 club. The bat barely misses you.
The giant cockroach closely misses you. The rat barely misses you.
You miss the bat. The bat hits you but does no damage.
The bat closely misses you. The giant cockroach bites you.
* * * LOW HITPOINT WARNING * * *
The giant cockroach barely misses you. The rat bites you.
* * * LOW HITPOINT WARNING * * *
The bat closely misses you. The bat hits you but does no damage.
The bat hits you but does no damage. The bat barely misses you.
The bat barely misses you. x2
The bat closely misses you. The bat closely misses you. The bat misses you.
The bat hits you but does no damage. The giant cockroach closely misses you.
You hit the giant cockroach.
You kill the giant cockroach!
Trog accepts your kill. The bat hits you but does no damage.
You closely miss the gnoll. The bat hits you but does no damage.
The gnoll barely misses you.
You completely miss the gnoll. The bat barely misses you.
The gnoll closely misses you.
You hit the gnoll.
The gnoll is lightly wounded.
The bat completely misses you. The bat misses you. The bat hits you.
* * * LOW HITPOINT WARNING * * *
The gnoll closely misses you.
You hit the gnoll but do no damage.
The gnoll is lightly wounded.
The bat hits you but does no damage. The bat hits you.
* * * LOW HITPOINT WARNING * * *
The gnoll hits you with a +1 whip of freezing!
You die...

#.#.##.# #....#.#
#### ##......#
...####.......##
..............# #
#. ###.......## #.
##.## ##.....##
#..##...####b...##
#.....#.grg@.#.##
###.##...######.#
........## #.#
........# #.#
.......g........#
.......##########
....... ...>...
.......


You could see a gnoll, a goblin, a bat and a rat.

Vanquished Creatures
  An endoplasm (D:1)
  A giant cockroach (D:1)
  4 goblins (D:1)
  2 hobgoblins (D:1)
  2 ball pythons (D:1)
  A frilled lizard (D:1)
  2 kobolds (D:1)
  2 rats (D:1)
15 creatures vanquished.

Vanquished Creatures (others)
  2 fungi (D:1)
  A plant (D:1)
3 creatures vanquished.

Grand Total: 18 creatures vanquished

Notes
Turn   | Place    | Note
-------+----------+-------------------------------------------
     0 | D:1      | seaoflcl the Human Berserker began the quest for the Orb.
     0 | D:1      | Reached XP level 1. HP: 18/18 MP: 1/1
   235 | D:1      | Reached XP level 2. HP: 10/24 MP: 2/2
   676 | D:1      | Slain by a gnoll

Illustrated notes

Levels and vault maps discovered:
D:1:      lemuel_arrival_muddy, layout_loops_ring, chequers_serial_rivers_marsh

Action                   || total
-------------------------++-------
Melee: Falchion          ||    43
Invok: Berserk           ||     1
Armor: Animal skin       ||    12
Dodge: Dodged            ||    36
